 Dungeon Sprint DCSS version 0.22.1-1-ga44c0e56f4 (webtiles) character file.

4035 MuseOD the Impaler (level 10, -11/97 HPs)
             Began as a Merfolk Berserker on Oct 4, 2018.
             Was an Elder of Trog.
             Shot with an arrow by a centaur warrior (19 damage)
             ... in the Dungeon (Sprint II: "The Violet Keep of Menkaure").
             The game lasted 00:02:20 (922 turns).

MuseOD the Impaler (Merfolk Berserker)               Turns: 922, Time: 00:02:23

Health: -11/97     AC:  2    Str: 21    XL:     10   Next: 24%
Magic:  10/10      EV: 20    Int:  7    God:    Trog [****..]
Gold:   729        SH:  0    Dex: 13    Spells: 9/9 levels left

rFire    . . .     SeeInvis .   a - +0 spear
rCold    . . .     Gourm    .   (no shield)
rNeg     . . .     Faith    .   b - +0 animal skin
rPois    .         Spirit   .   (no helmet)
rElec    .         Reflect  .   (no cloak)
rCorr    .         Harm     .   (no gloves)
MR       .....     NoTele   +   (no boots)
Stlth    ++........             (no amulet)
HPRegen  0.26/turn              (no ring)
MPRegen  0.12/turn              (no ring)

@: berserk cooldown, very slightly contaminated, slowed, very slow
A: change form in water, swift swim, stealthy swim
a: Berserk, Trog's Hand, Brothers in Arms, Renounce Religion


You were in the Dungeon.
You worshipped Trog.
Trog was greatly pleased with you.
You were very hungry.

You visited 1 branch You collected 729 gold pieces.

Inventory:

Hand Weapons
 a - a +0 spear (weapon)
Armour
 b - a +0 animal skin (worn)
Potions
 f - a potion of haste
 g - 2 potions of magic
 h - a potion of berserk rage
Comestibles
 c - a ration


   Skills:
 + Level 15.4 Fighting
 + Level 19.0 Polearms
 + Level 5.2 Armour
 + Level 12.4 Dodging
 + Level 3.2 Stealth


You had 9 spell levels left.
You didn't know any spells.
Your spell library was empty.

Dungeon Overview and Level Annotations

Branches:
Dungeon (1/1)

Altars:


Message History

The skeletal warrior is almost destroyed.
The skeletal warrior hits you with a trident!
* * * LOW HITPOINT WARNING * * *
You feel better.
The skeletal warrior hits you with a trident!!
* * * LOW HITPOINT WARNING * * *
The skeletal warrior misses you.
You hit the skeletal warrior.
The skeletal warrior is almost destroyed.
You hit the skeletal warrior but do no damage.
The skeletal warrior is almost destroyed.
The skeletal warrior closely misses you.
You hit the skeletal warrior.
You destroy the skeletal warrior!
Trog accepts your kill.
You feel your dexterity returning.
Your Polearms skill increases to level 19!
The centaur warrior wields a shortbow.
The centaur warrior shoots an arrow.
The arrow hits you!!
You die...

@c. ;;;;;≈#
###≈(#+''#34§##
##≈≈≈.(z5K.5≈.#
.#≈≈≈≈.##Y##..#
.#≈≈≈≈###§### #
.#≈≈≈≈#..#..#
.#≈≈# ##c#.####
.#≈##.
##)###.## .#≈
#.##@##...# .'
#'.<.')#.+
#.##.##...# #.
##÷###.## #
#...####
#..#..# ##≈ .##
## ##


You could see a centaur warrior.

Vanquished Creatures
  Kirke (D)
  A yaktaur captain (D)
  A skeletal warrior (D)
  A merfolk siren (D)
  2 hippogriffs (D)
  4 necrophages (D)
  A crocodile (D)
  4 worker ants (D)
15 creatures vanquished.

Vanquished Creatures (collateral kills)
  An elephant (D)
  A kobold demonologist (D)
2 creatures vanquished.

Vanquished Creatures (others)
  A spectral giant cockroach (D)
1 creature vanquished.

Grand Total: 18 creatures vanquished

Notes
Turn   | Place    | Note
-------+----------+-------------------------------------------
     0 | D        | MuseOD the Merfolk Berserker began the quest for the Orb.
     0 | D        | Reached XP level 1. HP: 18/18 MP: 1/1
     1 | D        | Noticed a merfolk siren
    14 | D        | Killed a merfolk siren
    14 | D        | Reached skill level 12 in Polearms
    14 | D        | Reached XP level 2. HP: 5/34 MP: 2/2
    14 | D        | Reached XP level 3. HP: 6/40 MP: 3/3
    14 | D        | Reached XP level 4. HP: 6/46 MP: 4/4
    14 | D        | Reached XP level 5. HP: 7/52 MP: 5/5
    14 | D        | Reached XP level 6. HP: 8/59 MP: 6/6
   295 | D        | Reached ** piety under Trog
   301 | D        | Reached skill level 10 in Fighting
   301 | D        | Reached skill level 13 in Polearms
   332 | D        | Noticed a hippogriff
   332 | D        | Noticed a hippogriff
   353 | D        | Killed a hippogriff
   353 | D        | Reached *** piety under Trog
   353 | D        | Reached skill level 14 in Polearms
   353 | D        | Reached XP level 7. HP: 48/67 MP: 7/7
   357 | D        | Killed a hippogriff
   557 | D        | Reached skill level 15 in Polearms
   557 | D        | Reached XP level 8. HP: 76/76 MP: 8/8
   567 | D        | Reached **** piety under Trog
   849 | D        | Noticed Kirke
   849 | D        | Noticed a kobold demonologist
   849 | D        | Noticed a yaktaur captain
   871 | D        | Killed a yaktaur captain
   871 | D        | Reached skill level 17 in Polearms
   871 | D        | Reached skill level 10 in Dodging
   871 | D        | Reached skill level 1 in Stealth
   871 | D        | Reached XP level 9. HP: 66/85 MP: 9/9
   888 | D        | Killed Kirke
   888 | D        | Reached skill level 18 in Polearms
   888 | D        | Reached skill level 5 in Armour
   888 | D        | Reached XP level 10. HP: 57/95 MP: 10/10
   889 | D        | Noticed an elephant
   895 | D        | Noticed a skeletal warrior
   908 | D        | HP: 4/95 [elephant (12)]
   911 | D        | Killed an elephant
   911 | D        | Reached skill level 15 in Fighting
   912 | D        | Killed a kobold demonologist
   917 | D        | Noticed a centaur warrior
   922 | D        | Killed a skeletal warrior
   922 | D        | Reached skill level 19 in Polearms
   922 | D        | Shot with an arrow by a centaur warrior

Skill      XL: |  1  2  3  4  5  6  7  8  9 10 |
---------------+-------------------------------+-----
Fighting       | 9 10 11 13 14 15 | 15.4
Polearms       | 12 14 15 17 18 19 | 19.0
Armour         | 3 4 5 |  5.2
Dodging        | 6 7 8 10 11 12 | 12.4
Stealth        | 1 2 3 |  3.2

Action                   |  1- 3 |  4- 6 |  7- 9 | 10-12 || total
-------------------------+-------+-------+-------+-------++-------
Melee: Spear             |    11 |    22 |    59 |    18 ||   110
Invok: Berserk           |     1 |     2 |     3 |       ||     6
       Brothers in Arms  |       |       |     1 |     1 ||     2
  Use: Potion            |       |       |       |     2 ||     2
       Scroll            |       |       |       |     1 ||     1
  Eat: Chunk             |       |       |     5 |       ||     5
Armor: Animal skin       |     1 |       |     1 |     6 ||     8
Dodge: Dodged            |     2 |    17 |     9 |    50 ||    78
